 Dungeon Crawl Stone Soup version 0.27.1-33-g824d729ab1 (webtiles) character file.

Game seed: 17331618741368958657

75747 Kaptain the Geomancer (level 15, -9/111 (115) HPs)
             Began as a Human Earth Elementalist on Dec 19, 2021.
             Mangled by an orc knight (30 damage)
             ... on level 2 of the Orcish Mines.
             The game lasted 01:38:46 (23727 turns).

Kaptain the Geomancer (Human Earth Elementalist)   Turns: 23727, Time: 01:38:47

HP:   -9/111 (115)  AC: -1    Str: 10    XL:     15   Next: 99%
MP:   28/31         EV: 16    Int: 20    God:
Gold: 1605          SH:  5    Dex: 14    Spells: 18/39 levels left

rFire    + + .     SeeInvis .   v - staff of earth
rCold    x x .     Faith    .   (no shield)
rNeg     . . .     Spirit   .   s - +3 salamander hide armour {Flames rF++ rC--}
rPois    .         Reflect  +   H - +1 helmet
rElec    .         Harm     .   e - +0 cloak
rCorr    .         Rampage  .   n - +0 pair of gloves
Will     ++...                  y - +0 pair of boots
Stlth    ++........             a - amulet of reflection
HPRegen  0.28/turn              k - ring of willpower
MPRegen  0.22/turn              A - ring of wizardry

@: lethally poisoned (-9 -> -17), corroded, lightly drained
A: no striking features
a: no special abilities


You were on level 2 of the Orcish Mines.
You visited 4 branches of the dungeon, and saw 20 of its levels.
You also visited: Sewer.

You collected 1621 gold pieces.
You spent 16 gold pieces at shops.

Inventory:

Hand Weapons
 f - a +3 dagger of protection
 i - a +2 mace of draining
 u - a +0 vorpal trident
Missiles
 x - 345 stones
 C - a throwing net
Armour
 e - a +0 cloak (worn)
 n - a +0 pair of gloves (worn)
 s - the +3 salamander hide armour (worn) {Flames rF++ rC--}
   (You found it on level 6 of the Dungeon)

   It surrounds you with a cloud of flames.
   It grants immunity to clouds of flame.
   It enhances your fire magic.
   rF:        It greatly protects you from fire.
   rC:        It makes you very vulnerable to cold.
 y - a +0 pair of boots (worn)
 G - +0 steam dragon scales
 H - a +1 helmet (worn)
 I - a +0 troll leather armour
 K - quicksilver dragon scales
Magical Staves
 v - a staff of earth (weapon)
Jewellery
 a - an amulet of reflection (around neck)
 k - a ring of willpower (left hand)
 t - an amulet of regeneration
 A - a ring of wizardry (right hand)
 J - a ring of ice
 Q - a ring of willpower
 R - a +6 ring of intelligence
 W - a ring of flight
 X - a ring of wizardry
Wands
 j - a wand of paralysis (32)
 B - a wand of acid (6)
 N - a wand of iceblast (39)
 T - a wand of polymorph (18)
 V - a wand of digging (1)
Scrolls
 h - 3 scrolls of identify
 l - a scroll of enchant armour
 o - 4 scrolls of fog
 w - a scroll of blinking
 D - a scroll of fear
 E - a scroll of enchant weapon
 F - 2 scrolls of amnesia
 O - 5 scrolls of teleportation
 S - 3 scrolls of magic mapping
 U - a scroll of brand weapon
 Z - 2 scrolls of immolation
Potions
 b - 2 potions of resistance
 c - 2 potions of cancellation
 d - 3 potions of mutation
 g - a potion of haste
 m - a potion of heal wounds
 p - 2 potions of invisibility
 q - 2 potions of brilliance
 r - a potion of flight
 z - 5 potions of curing
 L - 6 potions of might
 M - a potion of magic
 P - 2 potions of berserk rage
 Y - a potion of ambrosia


   Skills:
 + Level 9.8 Fighting
 + Level 9.6 Armour
 + Level 10.0 Dodging
 - Level 2.0 Stealth
 * Level 12.7 Spellcasting
 + Level 9.5 Conjurations
 - Level 1.0 Transmutations
 * Level 13.8 Earth Magic


You had 18 spell levels left.
You knew the following spells:

 Your Spells              Type           Power      Damage    Failure   Level
a - Sandblast             Erth           100%       2d20      0%          1
b - Passwall              Tmut/Erth      49%        N/A       1%          2
c - Stone Arrow           Conj/Erth      100%       3d13      1%          3
d - Lee's Rapid Deconstr  Erth           40%        3d21*     1%          5
e - Animate Armour        Summ/Erth      100%       N/A       1%          4
f - Iron Shot             Conj/Erth      36%        9d7       3%          6

Your spell library contained the following spells:

 Spells                   Type           Power      Damage    Failure   Level
 Beastly Appendage        Tmut           32%        N/A       1%          1
 Petrify                  Tmut/Erth      59%        N/A       1%          4
 Corona                   Hex            13%        N/A       2%          1
 Sting                    Tmut/Pois      56%        1d5       2%          1
 Wereblood                Tmut           16%        N/A       2%          2
 Ensorcelled Hibernation  Hex/Ice        24%        N/A       4%          2
 Poisonous Vapours        Pois/Air       24%        N/A       4%          2
 Hailstorm                Conj/Ice       31%        3d8       4%          4
 Spider Form              Tmut/Pois      7%         N/A       6%          3
 Gell's Gravitas          Tloc           6%         N/A       9%          3
 Lesser Beckoning         Tloc           6%         N/A       9%          3
 Teleport Other           Tloc           12%        N/A       9%          3
 Tukima's Dance           Hex            12%        N/A       9%          3
 Lightning Bolt           Conj/Air       15%        1d29      11%         5
 Ice Form                 Ice/Tmut       14%        N/A       21%         4
 Airstrike                Air            6%         N/A       26%         4
 Olgreb's Toxic Radiance  Pois           12%        N/A       26%         4
 Summon Lightning Spire   Summ/Air       12%        N/A       26%         4
 Blade Hands              Tmut           8%         N/A       43%         5
 Summon Forest            Summ/Tloc      6%         N/A       56%         5
 Summon Mana Viper        Hex/Summ       12%        N/A       56%         5
 Shadow Creatures         Summ           N/A        N/A       98%         6
 Simulacrum               Ice/Necr       6%         N/A       98%         6


Dungeon Overview and Level Annotations

Branches:
Dungeon (11/15)            Temple (1/1) D:5            Lair (6/6) D:11
  Swamp (0/4) Lair:3       Spider (0/4) Lair:2        Slime (0/5) Lair:5
    Orc (2/2) D:10            Elf (0/3) Orc:2         Sewer (visited)

Altars:
Ashenzari
Cheibriados
Dithmenos
Elyvilon
Fedhas
Gozag
Kikubaaqudgha
Makhleb
Nemelex Xobeh
Okawaru
Qazlal
Ru
Sif Muna
Trog
Uskayaw
Vehumet
Wu Jian
Xom
Zin
The Shining One
Jiyva

Shops:
D:8 !   Orc:2 ?*:

Annotations:
D:4 Duvessa, Grinder
D:5 3 runed translucent doors, lasso's ghost, novice TeSu


Message History

The orc sorcerer casts a spell.
The orc knight is engulfed in blazing flames.
The orc knight closely misses you. The rust devil hits you.
The rust devil corrodes you! The orange demon stings you from afar!
You are poisoned.
The orange demon poisons you!
The orc wizard is engulfed in blazing flames.
You kill the orc wizard!
You see here a rat skeleton.
You feel very sick.
The hellwing is engulfed in blazing flames.
The orc high priest is engulfed in blazing flames.
The orc high priest hits you with a +0 long sword!
The orc knight misses you. The rust devil hits you.
The rust devil corrodes you!
You feel very sick.
The hellwing is engulfed in blazing flames.
The hellwing swoops through the air toward you!
The hellwing hits you! The hellwing barely misses you.
The orc sorcerer gestures at you while chanting.
The bolt of fire hits the rust devil.
The rust devil completely resists.
The bolt of fire misses you. The orc knight barely misses you.
The rust devil hits you. The rust devil corrodes you!
The soul eater draws from the surrounding life force!
You feel sick.
The smoke demon is engulfed in blazing flames.
The smoke demon gestures at you.
The sticky flame reflects off an invisible shield around you!
The sticky flame hits the smoke demon.
The smoke demon resists.
The orc high priest prays to Beogh.
The orc high priest is healed somewhat.
The hellwing is engulfed in blazing flames.
The hellwing closely misses you. The hellwing hits you!
The orc sorcerer casts a spell at you.
The bolt of negative energy hits the orange demon.
The orange demon completely resists.
The bolt of negative energy hits you!
You feel drained.
* * * LOW HITPOINT WARNING * * *
The orc knight hits you from afar with a +2 glaive!!
You die...

..............#......#
..................#....
.................#.....
.................#######
................##34...###
..............###o☼○....∩#
..#...........#☼○°°)o.....
.)...........##☼§44...÷...
.)..........##.4@○oo☼.....
...)........#..○°☼3..÷....
......##...##.))#.÷...÷.∩#
...........#..)##.÷.÷..####
#∩.......#.#.).###..#####.#
#...#....###..).##### ..#.
....#.....###..)..#####....
.....#.....###...........#
.....###..))###.........#


You could see an orc knight, a soul eater (summoned), an orc high priest
(strong), an orange demon (summoned), a hellwing (summoned), an ice devil
(summoned), a rust devil (summoned), a smoke demon (summoned) and 2 orc
sorcerers.

Vanquished Creatures
  Gastronok (Lair:2)
  An acid blob (Lair:5)
  The ghost of Stajl the Grappler, a journeyman TrFi of Makhleb (D:11)
  4 hydras
  3 catoblepae (Lair:6)
  20 death yaks
  2 two-headed ogres
  4 orc high priests
  A bog body (Lair:3)
  Pikel (D:5)
  3 orc knights (Orc:2)
  4 orc sorcerers
  4 oklob plants (Lair:3)
  2 cyclopes
  3 manticores
  15 elephants
  7 black mambas
  2 torpor snails (Lair:6)
  13 cane toads
  An unseen horror (D:11)
  2 rime drakes
  8 komodo dragons
  2 trolls
  5 polar bears
  A hornet (D:10)
  9 dream sheep
  2 slime creatures (Lair:5)
  10 blink frogs
  3 wraiths
  2 vampires
  79 yaks
  7 basilisks
  4 wyverns
  A steam dragon (D:9)
  3 wargs
  15 water moccasins
  2 acid dragons
  A swamp drake (D:10)
  22 orc warriors
  An ice beast (D:5)
  A sky beast (D:7)
  4 black bears
  4 ogres
  13 wolves
  4 centaurs
  3 lemures (D:5)
  A kobold brigand (D:9)
  15 bullfrogs
  4 scorpions
  Dowan (D:4)
  5 wights (D:8)
  7 electric eels
  5 centaur zombies
  A bullfrog zombie (D:5)
  2 hounds
  2 bullfrog skeletons
  5 jellies
  13 orc priests
  4 centaur skeletons
  Jessica (D:3)
  Natasha (D:4)
  7 iguanas
  23 orc wizards
  2 hound zombies (D:5)
  5 adders
  7 gnolls
  2 howler monkey skeletons (D:7)
  A shadow imp (D:8)
  A white imp (D:6)
  An adder zombie (D:5)
  A worm (D:3)
  12 dart slugs
  51 orcs
  3 bats (D:1)
  9 endoplasms
  2 giant cockroaches
  5 hobgoblins
  11 jackals (Sewer)
  10 kobolds
  2 quokkas
  11 ball pythons
  6 frilled lizards
  7 goblins
  11 rats
  3 butterflies (Lair:1)
560 creatures vanquished.

Vanquished Creatures (others)
  An orc wizard (Orc:2)
  A kobold (D:9)
  127 fungi
  274 plants
403 creatures vanquished.

Grand Total: 963 creatures vanquished

Notes
Turn   | Place    | Note
-------+----------+-------------------------------------------
     0 | D:1      | Kaptain the Human Earth Elementalist began the quest for
                  | the Orb.
     0 | D:1      | Reached XP level 1. HP: 13/13 MP: 3/3
   217 | D:1      | Reached XP level 2. HP: 19/19 MP: 1/5
   852 | D:1      | Reached XP level 3. HP: 25/25 MP: 1/6
   912 | D:1      | Learned a level 2 spell: Passwall
   916 | D:1      | Learned a level 3 spell: Stone Arrow
  1677 | D:2      | Found a faded altar of an unknown god.
  1713 | D:2      | Found an ancient bone altar of Kikubaaqudgha.
  1790 | D:3      | Noticed Jessica
  1794 | D:3      | Killed Jessica
  1795 | D:3      | Reached skill level 1 in Fighting
  1795 | D:3      | Reached skill level 1 in Armour
  1795 | D:3      | Reached XP level 4. HP: 32/32 MP: 6/8
  1995 | D:3      | Found a glowing drain.
  2004 | Sewer    | Entered a sewer
  2155 | Sewer    | Reached XP level 5. HP: 13/37 MP: 4/9
  3225 | D:3      | Reached skill level 4 in Earth Magic
  4215 | D:4      | Noticed Dowan
  4225 | D:4      | Killed Dowan
  4226 | D:4      | Reached XP level 6. HP: 44/44 MP: 5/11
  4344 | D:4      | Noticed Natasha
  4347 | D:4      | Killed Natasha
  4367 | D:4      | Noticed Duvessa
  4770 | D:4      | Reached XP level 7. HP: 44/50 MP: 7/12
  4941 | D:4      | Found a glowing silver altar of Zin.
  4943 | D:4      | Found a snail-covered altar of Cheibriados.
  5016 | D:4      | Noticed Grinder
  5018 | D:4      | You fall into a shaft and drop 3 floors!
  5039 | D:6      | Found the +3 salamander hide armour {Flames rF++ rC--}
  5089 | D:5      | Entered Level 5 of the Dungeon
  5136 | D:5      | Noticed Pikel
  5192 | D:5      | Killed Pikel
  5193 | D:5      | Reached skill level 5 in Earth Magic
  5193 | D:5      | Reached XP level 8. HP: 52/57 MP: 0/14
  5307 | D:5      | Found an ancient bone altar of Kikubaaqudgha.
  5476 | D:5      | Found a staircase to the Ecumenical Temple.
  5484 | Temple   | Entered the Ecumenical Temple
  5659 | D:5      | Reached skill level 5 in Spellcasting
  5827 | D:5      | Reached skill level 6 in Earth Magic
  6056 | D:5      | Found a runed translucent gate.
  6061 | D:5      | Found a runed translucent gate.
  6061 | D:5      | Found a runed translucent gate.
  6064 | D:5      | Noticed lasso's ghost (novice TeSu)
  6129 | D:5      | Found a radiant altar of Vehumet.
  6321 | D:5      | Reached XP level 9. HP: 59/64 MP: 6/16
  6893 | D:6      | Found a bloodstained altar of Trog.
  6893 | D:6      | Found a broken altar of Ashenzari.
  6901 | D:6      | Found a stormy altar of Qazlal.
  6903 | D:6      | Found a shadowy altar of Dithmenos.
  6905 | D:6      | Found a burning altar of Makhleb.
  7571 | D:7      | Reached skill level 7 in Earth Magic
  7609 | D:7      | Learned a level 5 spell: Lee's Rapid Deconstruction
  7910 | D:7      | Reached XP level 10. HP: 67/73 MP: 1/19
  8126 | D:7      | Reached skill level 5 in Dodging
  9012 | D:8      | Reached skill level 8 in Earth Magic
  9180 | D:8      | Reached skill level 5 in Fighting
  9203 | D:8      | Found an iron altar of Okawaru.
  9471 | D:8      | Found Ugonokh's Distillery.
  9474 | D:8      | Bought a potion of degeneration for 16 gold pieces
  9880 | D:9      | Noticed a two-headed ogre
  9886 | D:9      | Killed a two-headed ogre
  9887 | D:9      | Reached skill level 5 in Armour
 10413 | D:9      | Reached XP level 11. HP: 79/80 MP: 15/22
 10419 | D:9      | Reached skill level 5 in Conjurations
 10613 | D:9      | Noticed a cyclops
 10622 | D:9      | Killed a cyclops
 10911 | D:10     | Entered Level 10 of the Dungeon
 10943 | D:10     | Reached skill level 9 in Earth Magic
 10975 | D:10     | Found a staircase to the Orcish Mines.
 11481 | D:10     | Found an opulent altar of Gozag.
 12085 | D:11     | Reached XP level 12. HP: 75/89 MP: 3/24
 12265 | D:11     | Found a staircase to the Lair.
 12362 | D:11     | Found a runed translucent door.
 12363 | D:11     | Noticed Stajl's ghost (journeyman TrFi)
 12624 | D:11     | Noticed a two-headed ogre
 12631 | D:11     | Killed a two-headed ogre
 12632 | D:11     | Reached skill level 10 in Earth Magic
 12981 | D:11     | Killed Stajl's ghost
 13123 | Lair:1   | Entered Level 1 of the Lair of Beasts
 15057 | Lair:2   | Noticed Gastronok
 15070 | Lair:2   | Killed Gastronok
 15071 | Lair:2   | Reached XP level 13. HP: 92/96 MP: 11/26
 15292 | Lair:2   | Reached skill level 10 in Spellcasting
 15297 | Lair:2   | Reached skill level 11 in Earth Magic
 15440 | Lair:2   | Found a hole to the Spider Nest.
 16542 | Lair:3   | Found a staircase to the Swamp.
 16619 | Lair:3   | Noticed a seven-headed hydra
 16634 | Lair:3   | Killed a seven-headed hydra
 17771 | Lair:4   | Noticed a five-headed hydra
 17775 | Lair:4   | Killed a five-headed hydra
 17837 | Lair:4   | Reached XP level 14. HP: 105/105 MP: 18/28
 18524 | Lair:5   | Reached skill level 12 in Earth Magic
 19363 | Lair:5   | Found a runed translucent door.
 19363 | Lair:5   | Found a viscous altar of Jiyva.
 19365 | Lair:5   | Found a staircase to the Slime Pits.
 19365 | Lair:5   | Noticed an acid blob
 19837 | Lair:5   | Identified a scroll of acquirement
 19837 | Lair:5   | Acquired a book of Iron
 19844 | Lair:5   | Learned a level 4 spell: Animate Armour
 19851 | Lair:5   | Learned a level 6 spell: Iron Shot
 20192 | Lair:6   | Entered Level 6 of the Lair of Beasts
 20291 | Lair:5   | Killed an acid blob
 20744 | Lair:6   | Reached XP level 15. HP: 92/113 MP: 1/30
 20824 | Lair:6   | Reached skill level 13 in Earth Magic
 22536 | Orc:1    | Entered Level 1 of the Orcish Mines
 23080 | Orc:2    | Entered Level 2 of the Orcish Mines
 23086 | Orc:2    | Found a staircase to the Elven Halls.
 23181 | Orc:2    | Found Ettiuke's Magic Scroll Boutique.
 23578 | Orc:2    | Reached skill level 10 in Dodging
 23721 | Orc:2    | Found Hohakhin's Book Emporium.
 23721 | Orc:2    | Found Otuphooz's Assorted Antiques.
 23727 | Orc:2    | Mangled by an orc knight

Illustrated notes

Levels and vault maps discovered:
D:1:      dpeg_arrival_radiant, layout_basic, serial_bayou_lake_a
D:2:      layout_rooms, basic_altar, hellmonk_ecumenical_altar_heavens_door,
          chequers_serial_rivers_micro_e
D:3:      layout_basic, portal_sewer_entry_e, chequers_serial_rivers_micro_a,
          uniq_jessica
D:4:      layout_loops_ring, nicolae_overflow_hidden_temple, uniq_grinder,
          uniq_duvessa, uniq_crazy_yiuf_cottage, uniq_natasha
D:5:      minmay_skewed_foursquare, layout_basic, overflow_temple_1_default,
          lemuel_coloured_pillars_altar, minmay_temple_entry_statues_pillars,
          gammafunk_ghost_necromancy, uniq_pikel
D:6:      layout_cave_pools, chequers_temple_overflow_minitemple,
          nicolae_lava_and_water
D:7:      kennysheep_slugbush, layout_cave_pools, serial_bayou,
          serial_bayou_pond_b, serial_bayou_lagoon_a, serial_bayou_pond_e,
          serial_bayou_ford_a, enter_bailey_5, minmay_misc_feat_more_columns
D:8:      layout_basic, okawaru_gym_becter, serial_shops, kennysheep_mini
D:9:      layout_gridville
D:10:     layout_cave_pools, overflow_temple_1_default, erik_orc_1
D:11:     layout_basic, grunt_lair_entry_orc_guard_hut, gammafunk_ghost_grave,
          minmay_variable_closet
Temple:   kb_temple_of_zot
Lair:1:   layout_cave_pods, gammafunk_lair_bear_cave, grunt_megastairs_4,
          infiniplex_staircase_pool, lemuel_fruit_fields
Lair:2:   layout_regular_city, dummy_spider_entry, st_stairs_6,
          serial_bayou_pond_b, uniq_gastronok
Lair:3:   layout_roguey, skrybe_swamp_entry_bodies, serial_bayou_pond_b,
          minmay_lair_oklob_chamber
Lair:4:   layout_regular_city
Lair:5:   layout_regular_city, slime_altar_2, grunt_megastairs_1
Lair:6:   evilmike_catoblepas_cave, layout_regular_city, serial_bayou_crossing
Orc:1:    layout_diamond_mine, nicolae_orc_stony_grotto
Orc:2:    grunt_orc_tribal_feast, layout_caves, serial_shops, shop

Skill      XL: |  1  2  3  4  5  6  7  8  9 10 11 12 13 14 15 |
---------------+----------------------------------------------+-----
Fighting       | 1 2 3 4 5 6 7 8 9 |  9.8
Armour         | 1 2 3 4 5 6 7 8 9 |  9.6
Spellcasting   | 3 4 5 6 7 8 9 10 11 12 | 12.7
Earth Magic    | 4 5 6 7 8 9 10 11 12 13 | 13.8
Dodging        | 3 4 5 6 7 8 9 10 | 10.0
Conjurations   | 2 3 4 5 6 7 8 9 |  9.5
Stealth        | |  2.0
Transmutations | |  1.0

Action                   |  1- 3 |  4- 6 |  7- 9 | 10-12 | 13-15 || total
-------------------------+-------+-------+-------+-------+-------++-------
Melee: Dagger            |    10 |   291 |    15 |       |       ||   316
       Short sword       |     7 |       |       |       |       ||     7
       Staff             |       |       |     3 |    10 |     6 ||    19
 Cast: Sandblast         |    49 |    28 |    69 |    43 |   102 ||   291
       Stone Arrow       |       |     6 |    47 |   155 |   203 ||   411
       Lee's Rapid Decon |       |       |       |       |     7 ||     7
       Animate Armour    |       |       |       |       |     3 ||     3
       Iron Shot         |       |       |       |       |     4 ||     4
  Use: Potion            |     1 |     1 |       |       |     4 ||     6
       Scroll            |       |     7 |     3 |     9 |     7 ||    26
 Stab: Sleeping          |     1 |     5 |     2 |       |       ||     8
Armor: Robe              |    12 |   111 |       |       |       ||   123
       Leather armour    |       |     3 |    16 |    36 |    90 ||   145
Dodge: Dodged            |    13 |   197 |    23 |    60 |   202 ||   495
Block: Other             |       |       |       |     8 |    22 ||    30
       Reflection        |       |       |       |     2 |     1 ||     3
